 Dungeon Crawl Stone Soup version 0.21.1-1-g345015f (webtiles) character file.

915 Mgcat the Skirmisher (level 8, 0/51 HPs)
             Began as a Gargoyle Gladiator on Feb 13, 2018.
             Was an Initiate of Ru.
             Slain by a wyvern (10 damage)
             ... on level 6 of the Dungeon.
             The game lasted 00:09:13 (4679 turns).

Mgcat the Skirmisher (Gargoyle Gladiator)           Turns: 4679, Time: 00:09:14

Health: 0/51       AC:  9    Str: 18    XL:     8   Next: 9%
Magic:  8/8        EV: 11    Int:  9    God:    Ru [......]
Gold:   265        SH:  0    Dex: 17    Spells: 7/7 levels left

rFire    + . .     SeeInvis .   a - +0 war axe
rCold    . . .     Gourm    .   (no shield)
rNeg     + . .     Faith    .   u - +0 scale mail
rPois    ∞         Spirit   .   c - +0 helmet
rElec    +         Reflect  .   (no cloak)
rCorr    .         Harm     .   (no gloves)
MR       .....     Rnd*Rage +   (no boots)
Stlth    ..........             (no amulet)
HPRegen  0.17/turn              t - +4 ring of dexterity
MPRegen  0.11/turn              (no ring)

@: berserk cooldown
A: berserk 1, deformed body, fire resistance 1, negative energy resistance 1,
electricity resistance, unbreathing, petrification resistance, rot immunity,
sturdy frame 1, AC +5
a: Renounce Religion


You were on level 6 of the Dungeon.
You worshipped Ru.
Ru was noncommittal.
You were not hungry.

You visited 2 branches of the dungeon, and saw 7 of its levels.

You collected 265 gold pieces.

Inventory:

Hand Weapons
 a - a +0 war axe (weapon)
 s - a +0 morningstar
   (You took it off an orc on level 3 of the Dungeon)
Missiles
 j - 14 tomahawks (quivered)
 p - 6 curare-tipped needles
Armour
 c - a +0 helmet (worn)
 u - a +0 scale mail (worn)
   (You found it on level 4 of the Dungeon)
Magical Staves
 y - an uncursed staff of fire {unknown}
   (You found it on level 5 of the Dungeon)
Jewellery
 t - a +4 ring of dexterity (left hand)
   (You found it on level 3 of the Dungeon)
Scrolls
 b - a scroll of teleportation {unknown}
 g - 2 scrolls of enchant armour {unknown}
 h - 5 scrolls of identify {unknown}
 k - 2 scrolls of fog {unknown}
 l - 7 scrolls of remove curse {unknown}
 m - 3 scrolls of amnesia {unknown}
 o - 2 scrolls of immolation {unknown}
 q - 2 scrolls of enchant weapon {unknown}
 x - a scroll of random uselessness {unknown}
Potions
 e - 4 potions of curing
 i - 2 potions of brilliance {unknown}
 n - a potion of might {unknown}
 r - a potion of resistance {unknown}
 v - a potion of lignification {unknown}
 z - a potion of ambrosia {unknown}
 A - 2 potions of heal wounds {unknown}
Comestibles
 f - 7 rations
 w - 3 chunks of flesh {@w0}


   Skills:
 + Level 6.2 Fighting
 + Level 5.6 Axes
 + Level 4.6 Throwing
 - Level 2.4 Dodging


You had 7 spell levels left.
You didn't know any spells.

Dungeon Overview and Level Annotations

Branches:
Dungeon (6/15)             Temple (1/1) D:5

Altars:
Ashenzari
Dithmenos
Elyvilon
Fedhas
Okawaru
Ru
Sif Muna
Trog
Uskayaw
Xom
Yredelemnul
Zin
The Shining One

Shops:
D:5 [


Innate Abilities, Weirdness & Mutations

You are resistant to torment.
Your stone body is resilient. (AC +5)
You are immune to poison.
You resist negative energy. (rN+)
You are resistant to electric shocks. (rElec)
You can survive without breathing.
You are immune to petrification.
You are immune to rotting.
You tend to lose your temper in combat.
Armour fits poorly on your strangely shaped body.
Your flesh is heat resistant. (rF+)
Your movements are slightly less encumbered by armour. (ER -2)


Message History

There is an open door here.
Eating a chunk of flesh {@w0}.
You eat the chunk of flesh {@w0}.
This raw flesh tastes terrible.
Done exploring.
Done exploring.
No target in view!
Done exploring.
No target in view!
Done exploring.
No target in view!
Done exploring.
(D) Dungeon (T) Temple
Where to? (Enter - D:5, ? - help)
What level of the Dungeon? (default 1, ? - help)
There is a stone staircase leading down here.
You climb downwards.
A worker ant comes into view.
The worker ant twitches its antennae in your direction.
There is a stone staircase leading up here.
The worker ant bites you but does no damage.
You hit the worker ant but do no damage.
The worker ant completely misses you.
You barely miss the worker ant.
The worker ant bites you but does no damage.
The worker ant barely misses you.
You closely miss the worker ant.
The worker ant bites you but does no damage.
You barely miss the worker ant.
The worker ant bites you but does no damage.
You slash the worker ant!
The worker ant is severely wounded.
The worker ant bites you but does no damage.
The worker ant bites you.
You completely miss the worker ant.
The worker ant is severely wounded.
The worker ant bites you but does no damage.
A red film seems to cover your vision as you go berserk!
You feel yourself moving faster!
You feel mighty!
You slash the worker ant!
You kill the worker ant!
No target in view!
No target in view!
No target in view!
You see here a worker ant corpse.
Press: ? - help, v - describe, . - travel, g - get item A worker ant corpse.
The floor.
Unknown command.
You butcher the worker ant corpse.
You feel a strong urge to attack something.
w - 3 chunks of flesh {@w0} Calm down first, please.
You feel your anger nearly subside.
You are no longer berserk.
You are exhausted.
You feel yourself slow down.
HP restored.
A wyvern comes into view.
The wyvern hisses angrily.
The wyvern bites you!
You slash the wyvern!
The wyvern is moderately wounded.
The wyvern barely misses you. The wyvern bites you. The wyvern bites you!
You hit the wyvern but do no damage.
The wyvern is moderately wounded.
The wyvern bites you.
* * * LOW HITPOINT WARNING * * *
The wyvern barely misses you. The wyvern bites you.
* * * LOW HITPOINT WARNING * * *
Quiver which item? (- for none, * to show all) (? for menu, Esc to quit)
Quivering
d - 3 throwing nets {=f, !d} for throwing.
Throwing (i - inventory. (,) - cycle):
d - 3 throwing nets (quivered)
{=f, !d}
Press: ? - help, Shift-Dir - straight line, f - wyvern
Aim: a wyvern (moderately wounded)
You throw a throwing net {=f, !d}.
The throwing net {=f, !d} hits the wyvern.
The wyvern is caught in the net!
The wyvern is moderately wounded.
The wyvern struggles against the net.
The wyvern struggles against the net. x3
The net rips apart, and the wyvern comes free!
The wyvern bites you.
* * * LOW HITPOINT WARNING * * *
Throwing (i - inventory. (,) - cycle):
d - 2 throwing nets (quivered)
{=f, !d}
Press: ? - help, Shift-Dir - straight line, f/p - wyvern
Aim: a wyvern (lightly wounded)
You throw a throwing net {=f, !d}.
The throwing net {=f, !d} hits the wyvern.
The wyvern is caught in the net!
The wyvern is lightly wounded.
The wyvern struggles against the net. x2
You feel yourself speed up.
The wyvern struggles against the net. x2
The net rips apart, and the wyvern comes free!
Throwing (i - inventory. (,) - cycle):
d - a throwing net (quivered)
{=f, !d}
Press: ? - help, Shift-Dir - straight line, f/p - wyvern
Aim: a wyvern (lightly wounded)
You throw a throwing net {=f, !d}.
The throwing net {=f, !d} barely misses the wyvern.
The wyvern bites you!
You die...

##### ...##
#... #..#
#..# #..#####
#(...l.#
#.####@# $...
#.# .....#.
#.#
.......#.##.#
.......# ##.#
.......# ##.#
.......# #..#
#.## #.#


You could see a wyvern.

Vanquished Creatures
  The ghost of Caim the Skirmisher, an amateur CeMo (D:3)
  An ogre (D:4)
  A scorpion (D:5)
  4 orc priests
  4 hounds (D:4)
  2 orc wizards
  Terence (D:3)
  2 worker ants
  An iguana (D:4)
  Natasha (D:2)
  A gnoll (D:1)
  11 adders
  2 oozes (D:2)
  2 worms (D:3)
  17 orcs
  7 giant cockroaches
  9 hobgoblins
  8 jackals
  3 kobolds
  2 quokkas
  2 ball pythons
  A ball python skeleton (D:5)
  5 bats
  6 frilled lizards
  4 goblins
  8 rats
106 creatures vanquished.

Notes
Turn   | Place    | Note
-------+----------+-------------------------------------------
     0 | D:1      | Mgcat the Gargoyle Gladiator began the quest for the Orb.
     0 | D:1      | Reached XP level 1. HP: 12/12 MP: 1/1
   341 | D:1      | Reached XP level 2. HP: 17/18 MP: 2/2
   359 | D:1      | Reached skill level 3 in Axes
   403 | D:1      | Reached skill level 3 in Fighting
   756 | D:2      | Reached XP level 3. HP: 12/23 MP: 3/3
   776 | D:2      | Gained mutation: Your movements are slightly less encumbered by armour. (ER -2) [potion of mutation]
   776 | D:2      | Gained mutation: Armour fits poorly on your strangely shaped body. [potion of mutation]
   776 | D:2      | Gained mutation: You tend to lose your temper in combat. [potion of mutation]
   776 | D:2      | Gained mutation: You evolve. [potion of mutation]
   953 | D:2      | Found a deep blue altar of Sif Muna.
  1257 | D:2      | Reached XP level 4. HP: 23/28 MP: 4/4
  1346 | D:2      | Noticed Natasha
  1352 | D:2      | Killed Natasha
  1352 | D:2      | Reached skill level 2 in Throwing
  1475 | D:2      | Reached skill level 4 in Fighting
  1475 | D:2      | Reached XP level 5. HP: 29/33 MP: 5/5
  1780 | D:3      | Noticed Caim's ghost (amateur CeMo)
  1797 | D:3      | Killed Caim's ghost
  1797 | D:3      | Reached skill level 4 in Axes
  1797 | D:3      | Reached skill level 3 in Throwing
  1797 | D:3      | Reached XP level 6. HP: 35/39 MP: 6/6
  1809 | D:3      | Noticed Terence
  1827 | D:3      | Killed Terence
  1875 | D:3      | Gained mutation: Your flesh is heat resistant. (rF+) [evolution]
  1875 | D:3      | Lost mutation: You evolve. [end of evolution]
  2011 | D:3      | HP: 10/40 [orc priest/divine providence (10)]
  2228 | D:3      | Found a faded altar of an unknown god.
  2482 | D:3      | Reached skill level 5 in Fighting
  2744 | D:4      | Reached XP level 7. HP: 29/44 MP: 7/7
  2845 | D:4      | Noticed a dagger
  2846 | D:4      | Noticed a dagger
  2846 | D:4      | Found a hide-covered altar of Uskayaw.
  2965 | D:4      | Found an iron altar of Okawaru.
  2984 | D:4      | HP: 11/44 [ogre/giant club (18)]
  2985 | D:4      | Reached skill level 5 in Axes
  3532 | D:4      | Reached skill level 4 in Throwing
  3984 | D:5      | Entered Level 5 of the Dungeon
  3995 | D:5      | Reached skill level 6 in Fighting
  4073 | D:5      | Reached XP level 8. HP: 44/51 MP: 8/8
  4284 | D:5      | Found a staircase to the Ecumenical Temple.
  4292 | Temple   | Entered the Ecumenical Temple
  4321 | Temple   | Became a worshipper of Ru the Awakened
  4350 | D:5      | Found Hetiod's Armour Shop.
  4668 | D:6      | Noticed a wyvern
  4671 | D:6      | HP: 9/51 [wyvern (6)]
  4679 | D:6      | Slain by a wyvern

Skill      XL: |  1  2  3  4  5  6  7 |
---------------+----------------------+-----
Axes           | 3 4 5 |  5.6
Fighting       | 3 4 5 6 |  6.2
Throwing       | 2 3 4 |  4.6
Dodging        | |  2.4

Action                   |  1- 3 |  4- 6 |  7- 9 || total
-------------------------+-------+-------+-------++-------
Melee: War axe           |    88 |   173 |   139 ||   400
Throw: Tomahawk          |       |     4 |       ||     4
       Throwing net      |       |       |     3 ||     3
  Use: Potion            |     3 |     1 |       ||     4
  Eat: Chunk             |     1 |     5 |     7 ||    13
Armor: Leather armour    |     7 |       |       ||     7
       Ring mail         |    38 |    68 |     8 ||   114
       Scale mail        |       |       |    68 ||    68
Dodge: Dodged            |    77 |   100 |    89 ||   266

Vault maps used:
D:1:      onia_arrival_mini_maze_b
D:2:      lemuel_blue_sif_altar, kennysheep_generic_room_14, uniq_natasha
D:3:      chequers_ecumenical_altar_simple, uniq_terence
D:4:      overflow_temple_1_default, dancing_weapons_uskayaw, first_ration
D:5:      temple_doors_e, serial_shops, shop
D:6:      cheibrodos_fzero, serial_shops, nicolae_shop_stone,
          kennysheep_minor_cross, grunt_ministairs_2, uniq_menkaure
Temple:   eino_temple_scatter_basement

Table legend:
 A = Turns spent in this place as a percentage of turns spent in the entire game.
 B = Non-inter-level travel turns spent in this place as a percentage of non-inter-level travel turns spent in the entire game.
 C = Inter-level travel turns spent in this place as a percentage of turns spent in this place.
 D = Turns resting spent in this place as a percentage of non-inter-level travel turns spent in this place.
 E = Turns spent auto-exploring this place as a percentage of non-inter-level travel turns spent in this place.
 F = Non-inter-level travel turns spent in this place divided by the number of levels of this place that you've seen.
                   A       B       C       D       E      F
               +-------+-------+-------+-------+-------+----------------------
         Total | 100.0 | 100.0 |   2.9 |   0.6 |  81.4 | 648.9
       Dungeon |  99.1 |  99.0 |   3.0 |   0.6 |  81.8 | 749.7
        Temple |   0.9 |   1.0 |   0.0 |   0.0 |  47.7 |  44.0
               +-------+-------+-------+-------+-------+----------------------

Table legend:
 A = Kills in this place as a percentage of kills in entire the game.
 B = Kills by you in this place as a percentage of kills by you in the entire game.
 C = Kills by friends in this place as a percentage of kills by friends in the entire game.
 D = Other kills in this place as a percentage of other kills in the entire game.
 E = Experience gained in this place as a percentage of experience gained in the entire game.
 F = Experience gained in this place divided by the number of levels of this place that you have seen.
                   A       B       C       D       E      F
               +-------+-------+-------+-------+-------+----------------------
         Total | 100.0 | 100.0 |   N/A |   N/A | 100.0 | 186.9
       Dungeon | 100.0 | 100.0 |   N/A |   N/A | 100.0 | 218.0
               +-------+-------+-------+-------+-------+----------------------
